 Dungeon Crawl Stone Soup version 0.15.2 (webtiles) character file.

84215 Huymann the Covert (level 15, -1/101 HPs)
             Began as a High Elf Wizard on Feb 20, 2015.
             Was the Champion of Ashenzari.
             Slain by a white ugly thing (31 damage)
             ... on Level 14 of the Dungeon on Feb 22, 2015.
             The game lasted 06:48:40 (40283 turns).

Huymann the Covert (High Elf Wizard)               Turns: 40283, Time: 06:48:40

HP  -1/101       AC 19     Str 11      XL: 15   Next: 34%
MP  31/36        EV 25     Int 28      God: Ashenzari [******]
Gold 1717        SH  0     Dex 15      Spells:  9 memorised,  9 levels left

rFire  . . .     SeeInvis +     S - +5 dagger (protect) (curse)
rCold  . . .     Clarity  +     E - +2 robe {MR+} (curse)
rNeg   . . .     rCorr    .     (no shield)
rPois  .         rRot     .     s - +2 hat (curse)
rElec  .         Spirit   .     B - +3 cloak of Flash {+Fly EV+4}
SustAb .         Warding  .     R - +0 pair of gloves (curse)
rMut   .         Stasis   .     J - +0 pair of boots (curse)
Gourm  +                        x - amulet of the gourmand
MR     ++...                    V - cursed ring "Wydav" {Int+2 Slay+5}
                                h - cursed ring of wizardry

@: repel missiles, very resistant to hostile enchantments, extremely stealthy
A: thin metallic scales 1, see invisible, breathe flames 1, clever 1
a: Scrying, Transfer Knowledge, Renounce Religion, Breathe Fire, Evoke Flight


You were on level 14 of the Dungeon.
You worshipped Ashenzari.
Ashenzari was exalted by your worship.
You were very full.

You visited 4 branches of the dungeon, and saw 27 of its levels.
You also visited: Ice Cave.

You collected 2737 gold pieces.
You spent 1020 gold pieces at shops.

Inventory:

Hand weapons
 S - a cursed +5 dagger of protection (weapon)
Missiles
 K - 7 silver javelins
 X - 3 javelins (quivered)
Armour
 m - a +0 buckler
 s - a cursed +2 hat (worn)
 u - a +2 robe of cold resistance
 B - the cursed +3 cloak of Flash (worn) {+Fly EV+4}
   (You found it on level 5 of the Lair of Beasts)

   It affects your evasion (+4).
   It lets you fly.
   It has a curse placed upon it.
 E - a cursed +2 robe of magic resistance (worn)
 J - a cursed +0 pair of boots (worn)
 R - a cursed +0 pair of gloves (worn)
Magical devices
 l - a wand of fireball (5)
 o - a wand of fire (9)
 w - a wand of paralysis (10)
 G - a wand of draining (0)
 N - a wand of digging (10)
 P - a wand of lightning (4)
 T - a wand of enslavement (5)
Comestibles
 d - 13 bread rations
 g - 10 meat rations
 M - 36 fruits
Scrolls
 e - 3 scrolls of curse weapon
 j - 2 scrolls of fear
 p - 4 scrolls of remove curse
 r - 5 scrolls of teleportation
 A - 2 scrolls of identify
 F - 2 scrolls of fog
 H - 4 scrolls of amnesia
 L - a scroll of recharging
 O - 2 scrolls of blinking
 Q - 2 scrolls of curse armour
Jewellery
 f - an uncursed ring of protection from magic
 h - a cursed ring of wizardry (left hand)
 x - an amulet of the gourmand (around neck)
 I - an uncursed ring of sustain abilities
 U - an uncursed ring of protection from fire
 V - the cursed ring "Wydav" (right hand) {Int+2 Slay+5}
   (You bought it in a shop on level 4 of the Orcish Mines)

   [ring of intelligence]

   It affects your intelligence (+2).
   It affects your accuracy and damage with ranged weapons and melee attacks
   (+5).
   It has a curse placed upon it.
 Z - an uncursed amulet of rage
Potions
 a - 4 potions of restore abilities
 i - a potion of magic
 k - a potion of cure mutation
 n - a potion of invisibility
 q - a potion of might
 y - a potion of haste
 z - 3 potions of brilliance
 D - 4 potions of curing
 Y - 2 potions of resistance
Books
 b - the Disquisition on Destructive Lightness
   (You acquired it on level 5 of the Lair of Beasts)

   Spells                             Type                      Level
   Shock                              Conjuration/Air              1
   Airstrike                          Air                          4
   *Lightning Bolt                    Conjuration/Air              5
   *Poisonous Cloud                   Conjuration/Poison/Air       6
 c - a book of Minor Magic

   Spells                             Type                      Level
   *Magic Dart                        Conjuration                  1
   *Blink                             Translocation                2
   *Call Imp                          Summoning                    2
   *Repel Missiles                    Charms/Air                   2
   Slow                               Hexes                        2
   *Conjure Flame                     Conjuration/Fire             3
   *Mephitic Cloud                    Conjuration/Poison/Air       3
 t - a book of Unlife

   Spells                             Type                      Level
   Recall                             Summoning/Translocation      3
   Animate Dead                       Necromancy                   4
   *Control Undead                    Necromancy                   4
   Twisted Resurrection               Necromancy                   5
   Death Channel                      Necromancy                   6
   Simulacrum                         Ice/Necromancy               6
Magical staves
 v - an uncursed staff of poison
 C - an uncursed staff of wizardry
 W - an uncursed staff of cold


   Skills:
 * Level 9.2 Fighting
 * Level 10.7(15.0) Short Blades
 + Level 4.8 Staves
 + Level 6.4 Throwing
 * Level 2.6 Armour
 + Level 9.1(13.4) Dodging
 * Level 14.3(18.3) Stealth
 * Level 0.1 Shields
 + Level 1.0 Unarmed Combat
 * Level 11.8 Spellcasting
 * Level 11.0(13.7) Conjurations
 * Level 0.8(2.3) Charms
 + Level 3.4(6.1) Summonings
 + Level 4.4(7.3) Translocations
 + Level 3.3(6.0) Fire Magic
 + Level 6.1(9.2) Air Magic
 + Level 3.9(6.7) Poison Magic
 * Level 5.9(9.0) Evocations


You had 9 spell levels left.
You knew the following spells:

 Your Spells              Type           Power        Failure   Level  Hunger
a - Magic Dart            Conj           ####         0%          1    None
b - Blink                 Tloc           N/A          1%          2    None
c - Call Imp              Summ           ######..     1%          2    None
d - Mephitic Cloud        Conj/Pois/Air  ######..     1%          3    None
e - Conjure Flame         Conj/Fire      ######..     1%          3    None
f - Lightning Bolt        Conj/Air       ######....   1%          5    #......
g - Poisonous Cloud       Conj/Pois/Air  ######....   4%          6    #####..
h - Control Undead        Necr           ###.......   14%         4    None
i - Repel Missiles        Chrm/Air       #####.       1%          2    None


Dungeon Overview and Level Annotations

Branches:
Dungeon (14/15)            Temple (1/1) D:6             Orc (4/4) D:9
    Elf (0/3) Orc:3          Lair (8/8) D:9          Shoals (0/5) Lair:3
  Snake (0/5) Lair:6        Slime (0/6) Lair:6
 Vaults: D:13-14

Altars:
Ashenzari
Cheibriados
Dithmenos
Elyvilon
Fedhas
Kikubaaqudgha
Makhleb
Nemelex Xobeh
Okawaru
Qazlal
Trog
Xom
Yredelemnul
Beogh
Jiyva

Shops:
D:9 %   Orc:2 *   Orc:3 ?   Orc:4 [(=(

Annotations:
D:4 Heini's ghost, average MiFi
Lair:3 exclusion: oklob plant


Innate Abilities, Weirdness & Mutations

You are partially covered in thin metallic scales (AC +2).
You have supernaturally acute eyesight.
You can breathe flames.
Your mind is acute. (Int +2)


Message History

The white ugly thing appears confused.
The white ugly thing seems less confused.
Casting: Mephitic Cloud
Confirm with . or Enter, or press ? or * to list all spells.
Aiming: Conjure Flame
Press: ? - help, Dir - move target cursor The fire roars!
You closely miss the white ugly thing. You puncture the white ugly thing!
The white ugly thing is lightly wounded.
The white ugly thing is engulfed in roaring flames.
The white ugly thing engulfs you. The white ugly thing freezes you!!
* * * LOW HITPOINT WARNING * * *
Drink which item? (? for menu, Esc to quit)
You feel better.
The white ugly thing is engulfed in roaring flames.
The white ugly thing engulfs you.
* * * LOW HITPOINT WARNING * * *
The white ugly thing freezes you!!
You die...

###### #....# ### #....# #..
#....# #.. #....# #.. ######
#....# #.< .....#####....# #..
......##......#################..
...............u@................
..#......#...(###'###############
...))%........#...........,,, #
..)#.)).#...>.#..........,, , , #
..............#.......... ,,#
....#..#......#.........., ,, ,##
§.........#...#.........∆, , ,#.
§....##...#...#########*########.
..........#...$, * **#........


You could see a white ugly thing.

Vanquished Creatures
  Maud (Lair:6)
  An orc warlord (Orc:4)
  Fannar (Lair:2)
  Harold (Lair:8)
  9 hydras
  2 centaur warriors
  Erica (Lair:2)
  12 death yaks
  A fire crab (Lair:8)
  3 catoblepae (Lair:8)
  Erolcha (D:13)
  3 hill giants
  Pikel (D:6)
  An oklob plant (Lair:5)
  A griffon (Lair:7)
  7 ugly things
  8 elephants
  2 manticores
  5 orc sorcerers
  3 orc knights
  A cyclops (D:12)
  2 mermaids (Lair:3)
  The ghost of SaintRoka the Conjurer, an experienced DECj of Okawaru (D:7)
  Maurice (D:8)
  2 black mambas
  14 spiny frogs
  A feature mimic (Lair:8)
  6 komodo dragons
  2 fire drakes
  2 trolls
  21 blink frogs
  A polar bear (Lair:8)
  A raven (D:14)
  3 slime creatures (D:12)
  A griffon skeleton (D:11)
  3 basilisks
  3 wyverns
  A hungry ghost (D:13)
  Eustachio (D:6)
  2 deep elf magi
  50 yaks
  A hill giant skeleton (D:10)
  6 wolves (Lair:3)
  A deep elf fighter (D:9)
  Edmund (D:5)
  2 nagas (Lair:6)
  11 hippogriffs
  A soldier ant (D:12)
  6 porcupines
  3 wargs
  A mottled dragon (D:11)
  8 water moccasins
  19 ice beasts
  35 orc warriors
  5 black bears
  A yellow wasp (D:11)
  3 sky beasts
  3 phantoms
  8 ogres
  20 centaurs
  2 boring beetles
  19 crocodiles
  9 big kobolds
  26 giant frogs
  3 jellies
  A water moccasin zombie (D:7)
  A troll zombie (D:7)
  15 killer bees
  8 scorpions
  A troll skeleton (D:7)
  7 wights
  6 crimson imps
  An iron imp (D:8)
  A gnoll shaman (D:5)
  5 hounds
  35 orc priests
  8 iguanas
  A black bear zombie (D:10)
  30 orc wizards
  2 quasits
  Natasha (thrice) (D:6)
  7 worker ants
  18 sheep
  A sky beast zombie (D:9)
  A hound skeleton (D:5)
  Terence (D:2)
  101 green rats
  A steam dragon zombie (D:10)
  26 adders
  5 gnolls
  3 orc zombies
  4 shadow imps
  3 giant mites
  4 white imps
  A worm (D:2)
  An adder skeleton (D:8)
  4 giant geckos
  An ooze (D:6)
  228 orcs
  A bat zombie (D:7)
  22 hobgoblins
  13 quokkas
  28 bats
  5 giant cockroaches
  5 giant newts
  A giant spore (D:10)
  17 goblins
  8 jackals
  A jackal zombie (D:6)
  19 kobolds
  4 orc skeletons
  20 rats
  A rat skeleton (D:5)
  A rat zombie (D:7)
  3 ballistomycetes (D:10)
  4 bushes (Lair:3)
  A butterfly (Lair:5)
  3 plants
1069 creatures vanquished.

Vanquished Creatures (collateral kills)
  2 death yaks (Lair:8)
  A torpor snail (Lair:8)
  A yak (Lair:1)
  An ice beast (Lair:4)
  An ogre (D:5)
  An orc warrior (D:9)
  A giant frog (D:8)
  A killer bee (D:9)
  3 orc priests
  3 orc wizards
  4 green rats
  2 adders (D:2)
  A gnoll (D:6)
  A worm (D:6)
  An ooze (D:2)
  25 orcs
  2 hobgoblins
  2 jackals (D:2)
  A kobold (D:5)
  A quokka (Lair:1)
  2 bats
  3 goblins
  2 orc zombies (Orc:4)
  2 rats (D:6)
64 creatures vanquished.

Vanquished Creatures (others)
  A deep elf mage (D:10)
  2 slaves (D:6)
  A centaur (D:6)
  12 crimson imps
  2 iron imps
  A gnoll (D:6)
  5 shadow imps
  12 white imps
  A bat (D:6)
  8 fungi
  3 plants
48 creatures vanquished.

Grand Total: 1181 creatures vanquished

Notes
Turn   | Place    | Note
--------------------------------------------------------------
     0 | D:1      | Huymann, the High Elf Wizard, began the quest for the Orb.
     0 | D:1      | Reached XP level 1. HP: 11/11 MP: 5/5
   257 | D:1      | Reached skill level 4 in Spellcasting
   257 | D:1      | Reached XP level 2. HP: 17/17 MP: 1/8
   945 | D:2      | Noticed Terence
   952 | D:2      | Learned a level 2 spell: Blink
   955 | D:2      | Learned a level 2 spell: Call Imp
  1100 | D:2      | Reached XP level 3. HP: 4/21 MP: 8/11
  1729 | D:2      | Reached skill level 1 in Summonings
  2241 | D:2      | Found an iron altar of Okawaru.
  2247 | D:2      | Found a sparkling altar of Nemelex Xobeh.
  2317 | D:2      | Learned a level 3 spell: Mephitic Cloud
  2355 | D:2      | Killed Terence
  2578 | D:2      | Reached skill level 1 in Fighting
  2578 | D:2      | Reached XP level 4. HP: 26/28 MP: 1/14
  2587 | D:2      | Learned a level 3 spell: Conjure Flame
  3072 | D:3      | Reached skill level 1 in Short Blades
  3432 | D:3      | Found a glowing drain.
  3969 | D:4      | Noticed Heini's ghost (average MiFi)
  4246 | D:5      | Entered Level 5 of the Dungeon
  4265 | D:5      | Noticed an ogre
  4281 | D:5      | Killed an ogre
  4281 | D:5      | Reached XP level 5. HP: 18/34 MP: 11/17
  4508 | D:5      | Noticed Edmund
  4526 | D:5      | Noticed an ogre
  4563 | D:5      | Found an iron altar of Okawaru.
  4579 | D:5      | Killed an ogre
  4579 | D:5      | Reached skill level 1 in Throwing
  4579 | D:5      | Reached XP level 6. HP: 37/39 MP: 1/19
  4635 | D:5      | Killed Edmund
  4635 | D:5      | Reached skill level 1 in Evocations
  4692 | D:5      | Reached skill level 5 in Spellcasting
  4749 | D:5      | Noticed a water moccasin
  4926 | D:5      | Reached XP level 7. HP: 43/45 MP: 15/21
  5047 | D:5      | Killed a water moccasin
  6113 | D:6      | Noticed Pikel
  6150 | D:6      | Noticed Eustachio
  6152 | D:6      | Killed Pikel
  6152 | D:6      | Reached skill level 5 in Stealth
  6152 | D:6      | Reached skill level 6 in Spellcasting
  6152 | D:6      | Reached XP level 8. HP: 24/51 MP: 17/24
  6193 | D:6      | Killed Eustachio
  6432 | D:6      | Found a staircase to the Ecumenical Temple.
  6479 | Temple   | Entered the Ecumenical Temple
  6501 | Temple   | Became a worshipper of Ashenzari the Shackled
  6938 | D:6      | Reached XP level 9. HP: 32/57 MP: 17/25
  6945 | D:6      | Noticed Natasha
  6976 | D:6      | Reached skill level 1 in Air Magic
  6996 | D:6      | Killed Natasha
  7051 | D:6      | Noticed Natasha
  7059 | D:6      | Killed Natasha
  7168 | D:6      | Noticed Natasha
  7172 | D:6      | Killed Natasha
  7460 | D:7      | Reached skill level 1 in Poison Magic
  7703 | D:7      | Reached skill level 5 in Conjurations
  7934 | D:7      | Noticed a hill giant
  7944 | D:7      | Killed a hill giant
  7944 | D:7      | Reached skill level 5 in Short Blades
  8500 | D:7      | Noticed SaintRoka's ghost (experienced DECj)
  8589 | D:7      | Killed SaintRoka's ghost
  8589 | D:7      | Reached skill level 7 in Stealth
  8595 | D:7      | Reached XP level 10. HP: 47/64 MP: 19/27
  8888 | D:8      | Noticed Maurice
  8899 | D:8      | Reached skill level 5 in Evocations
  8907 | D:8      | Killed Maurice
  9124 | D:8      | Reached skill level 5 in Throwing
  9125 | D:8      | Noticed a six-headed hydra
  9136 | D:8      | Killed a six-headed hydra
  9136 | D:8      | Reached skill level 5 in Dodging
  9136 | D:8      | Reached skill level 8 in Stealth
  9651 | D:8      | Reached skill level 1 in Fire Magic
  9881 | D:8      | Reached skill level 5 in Fighting
  9881 | D:8      | Reached skill level 1 in Staves
  9881 | D:8      | Reached skill level 1 in Armour
  9881 | D:8      | Reached skill level 1 in Unarmed Combat
  9881 | D:8      | Reached XP level 11. HP: 65/72 MP: 29/29
 10379 | D:9      | Found Qaural Gapp's Food Emporium.
 10386 | D:9      | Reached skill level 9 in Stealth
 10869 | D:9      | Found a burning altar of Makhleb.
 10872 | D:9      | Found a shadowy altar of Dithmenos.
 10875 | D:9      | Found a snail-covered altar of Cheibriados.
 11123 | D:9      | Found a staircase to the Orcish Mines.
 11345 | D:9      | Found a staircase to the Lair.
 11559 | Orc:1    | Entered Level 1 of the Orcish Mines
 11703 | Orc:1    | Acquired Ashenzari's first power
 12231 | Orc:2    | Reached XP level 12. HP: 49/78 MP: 3/30
 12540 | Orc:2    | Found a roughly hewn altar of Beogh.
 12868 | Orc:2    | Found Voscha Muotu's General Store.
 13291 | Orc:3    | Found a staircase to the Elven Halls.
 13757 | Orc:3    | Acquired Ashenzari's second power
 14561 | Orc:3    | Found Omeuru's Magic Scroll Shoppe.
 14575 | Orc:3    | Bought a scroll of remove curse for 39 gold pieces
 14673 | Orc:4    | Entered Level 4 of the Orcish Mines
 14695 | Orc:4    | Reached skill level 10 in Stealth
 14959 | Orc:4    | Found a roughly hewn altar of Beogh.
 14982 | Orc:4    | Found Puasaix's Antique Weapon Boutique.
 16045 | Orc:4    | Noticed an orc warlord
 17019 | Orc:4    | Killed an orc warlord
 17585 | Orc:4    | Found a roughly hewn altar of Beogh.
 17585 | Orc:4    | Found Plaus' Antique Armour Boutique.
 17629 | Orc:4    | Found Skiast's Antique Weapon Shop.
 17656 | Orc:4    | Bought a jet-encrusted leather armour for 217 gold pieces
 17656 | Orc:4    | Identified the cursed -1 leather armour of Fashionability {Str+2 SInv} (You bought it in a shop on level 4 of the Orcish Mines)
 17659 | Orc:4    | Bought a pair of boots for 139 gold pieces
 17832 | Orc:4    | Found a roughly hewn altar of Beogh.
 17863 | Orc:4    | Found a roughly hewn altar of Beogh.
 18064 | Orc:4    | Found a roughly hewn altar of Beogh.
 18113 | Orc:4    | Found a roughly hewn altar of Beogh.
 18260 | Orc:4    | Found Thy Meiwk's Jewellery Shop.
 18267 | Orc:4    | Bought an uncursed amulet of the gourmand for 300 gold pieces
 18267 | Orc:4    | Bought the cursed ring "Wydav" {Int+2 Slay+5} for 325 gold pieces
 18360 | Orc:4    | Found a roughly hewn altar of Beogh.
 19191 | Lair:1   | Entered Level 1 of the Lair of Beasts
 19191 | Lair:1   | Identified the +0 robe of Surprise {rF+}
 19321 | Lair:1   | Noticed an eight-headed hydra
 19344 | Lair:1   | Gained mutation: You are partially covered in thin metallic scales (AC +2). [potion of mutation]
 19344 | Lair:1   | Gained mutation: You can breathe flames. [potion of mutation]
 19344 | Lair:1   | Gained mutation: You have supernaturally acute eyesight. [potion of mutation]
 19912 | Lair:1   | Killed an eight-headed hydra
 20259 | Lair:1   | Reached skill level 11 in Stealth
 20645 | Lair:2   | Reached XP level 13. HP: 70/85 MP: 28/32
 20752 | Lair:2   | Identified the cursed -3 scale mail of the Thirteen Nights {+Blink}
 21221 | Lair:2   | Noticed Erica
 21225 | Lair:2   | Killed Erica
 21336 | Lair:2   | Noticed Fannar
 21363 | Lair:2   | Killed Fannar
 21816 | Lair:3   | Reached skill level 5 in Air Magic
 22124 | Lair:3   | Found a staircase to the Shoals.
 22759 | Lair:3   | Found a blossoming altar of Fedhas.
 22775 | Lair:3   | Acquired Ashenzari's third power
 23819 | Lair:4   | Found a frozen archway.
 23893 | Lair:4   | Reached skill level 10 in Spellcasting
 23999 | IceCv    | Entered an ice cave
 25622 | Lair:5   | Reached skill level 12 in Stealth
 25964 | Lair:5   | Identified a scroll of acquirement
 25967 | Lair:5   | Identified the Disquisition on Destructive Lightness (You acquired it on level 5 of the Lair of Beasts)
 25974 | Lair:5   | Learned a level 5 spell: Lightning Bolt
 25981 | Lair:5   | Learned a level 6 spell: Poisonous Cloud
 26014 | Lair:5   | Acquired Ashenzari's fourth power
 27660 | Lair:6   | Noticed Maud
 27661 | Lair:6   | Found a staircase to the Snake Pit.
 28041 | Lair:6   | Killed Maud
 28350 | Lair:6   | Found a viscous altar of Jiyva.
 28350 | Lair:6   | Found a staircase to the Slime Pits.
 28783 | Lair:6   | Reached XP level 14. HP: 94/94 MP: 19/34
 29433 | Lair:7   | Reached skill level 10 in Short Blades
 29581 | Lair:7   | Identified the cursed +0 hand axe of an ossuary {vamp, Int+3}
 30509 | Lair:7   | Reached skill level 13 in Stealth
 31154 | Lair:8   | Entered Level 8 of the Lair of Beasts
 31891 | Lair:8   | Reached skill level 10 in Conjurations
 32179 | Lair:8   | Found a viscous altar of Jiyva.
 32184 | Lair:8   | Found a staircase to the Slime Pits.
 32187 | Lair:8   | the staircase to the Slime Pits was a mimic.
 32595 | Lair:8   | Noticed Harold
 32602 | Lair:8   | Killed Harold
 34866 | D:10     | Entered Level 10 of the Dungeon
 35355 | D:10     | Learned a level 4 spell: Control Undead
 36450 | D:11     | Reached XP level 15. HP: 61/100 MP: 17/36
 36951 | D:11     | Gained mutation: Your mind is acute. (Int +2) [potion of beneficial mutation]
 37176 | D:11     | Reached skill level 14 in Stealth
 37865 | D:12     | Learned a level 2 spell: Repel Missiles
 39509 | D:13     | Found an ancient bone altar of Kikubaaqudgha.
 39632 | D:13     | Noticed Erolcha
 39661 | D:13     | Killed Erolcha
 40283 | D:14     | Slain by a white ugly thing

Action                   |  1- 3 |  4- 6 |  7- 9 | 10-12 | 13-15 || total
-------------------------+-------+-------+-------+-------+-------++-------
Melee: Dagger            |    74 |    93 |   250 |   713 |  1768 ||  2898
       Short sword       |       |       |       |   720 |       ||   720
 Fire: Blowgun           |       |    16 |    12 |     8 |       ||    36
Throw: Javelin           |       |     6 |    14 |     8 |    36 ||    64
       Tomahawk          |       |       |       |    58 |    11 ||    69
 Cast: Magic Dart        |    31 |    11 |    41 |    58 |    25 ||   166
       Call Imp          |    11 |     8 |    10 |    41 |    46 ||   116
       Blink             |     3 |    11 |    11 |     6 |    11 ||    42
       Mephitic Cloud    |     1 |    10 |    38 |   187 |   129 ||   365
       Conjure Flame     |       |     4 |    11 |    76 |    69 ||   160
       Lightning Bolt    |       |       |       |       |    10 ||    10
       Poisonous Cloud   |       |       |       |       |     9 ||     9
       Repel Missiles    |       |       |       |       |     1 ||     1
 Abil: Breathe Fire      |       |       |       |     1 |     1 ||     2
Evoke: Wand              |       |       |     8 |     5 |    15 ||    28
  Use: Scroll            |     4 |    10 |     4 |     8 |    24 ||    50
       Potion            |       |     3 |     2 |     4 |     8 ||    17
 Stab: Sleeping          |     1 |     1 |    12 |    16 |    50 ||    80
       Confused          |       |     1 |    13 |    89 |    86 ||   189
       Invisible         |       |       |     1 |     8 |       ||     9
       Distracted        |       |       |       |     4 |     6 ||    10
  Eat: Chunk             |     5 |     8 |    12 |    45 |    67 ||   137
       Pizza             |       |       |     1 |       |       ||     1
       Fruit             |       |       |       |     3 |       ||     3
